FIQ, chaotic male vampiric Wizard ----------- |.........| |.......<..# |.........| ---------- |....*.....##### |.........# ----+------ # |........|# ##.........|## |........|# ----------# # # # ## # #[)@o) # ###--|--- ------# ##|.._.| #..)..|# |.....########|....-# ------ ------ FIQ the Thaumaturge Experience level: 6 Strength: 11 Dexterity: 11 Constitution: 13 Intelligence: 17 Wisdom: 14 Charisma: 11 Health: 0(41) Energy: 18(72) AC: 6 Gold: 686 Moves: 2502 Your Inventory: Coins $ - 686 gold pieces Weapons a - an [uncursed +0] runed dagger [elven] (weapon in hand) r - a blessed +1 quarterstaff Armor b - an uncursed +0 cloak of magic resistance p - an [uncursed] +0 robe (being worn) u - an [uncursed] +0 leather armor (being worn) Comestibles s - 2 [uncursed] carrots t - an [uncursed] pancake y - an [uncursed] drained hill orc corpse Scrolls h - an uncursed scroll of destroy armor i - a blessed scroll of confuse monster j - an uncursed scroll of identify q - an [uncursed] scroll labeled JUYED AWK YACC [of fire] Spellbooks k - a blessed spellbook of force bolt l - an uncursed spellbook of create monster m - an [uncursed] spellbook of restore ability Potions f - an uncursed potion of paralysis g - 2 uncursed potions of see invisible o - an [uncursed] dark potion [of sickness] Rings d - an uncursed ring of searching e - an uncursed ring of protection from shape changers Wands c - an uncursed wand of light (0:11) Tools w - an [uncursed] magic whistle Spells known in the end: Name Level Category Fail Memory a - force bolt 1 attack 0% [||||||||] b - create monster 2 clerical 14% [||||||||] c - restore ability 4 healing 91% [||||||||] Your skills at the end: Fighting Skills Weapon Skills quarterstaff [Basic / Expert] Spellcasting Skills attack spells [Basic / Expert] enchantment spells [Basic / Skilled] Final Attributes: You were piously aligned. Hunger level was 652. Your alignment was 22 / 22. Monster difficulty range was 0 - 5. Level difficulty was 5. You were immune to level-drain. You could fly. You could survive without air. You regenerated. You were unlucky (-1). You are dead. Vanquished creatures: a small mimic a violet fungus a ghoul 2 hill orcs 2 giant bats an orc zombie a werejackal 3 hobbits a hobgoblin a giant rat 2 cave spiders a yellow mold a gnome zombie 2 geckos 2 jackals 2 foxes 4 kobolds 2 sewer rats 2 grid bugs 3 lichens a kobold zombie 4 newts 40 creatures vanquished. Voluntary challenges: You used a wielded weapon 41 times. You read items or engraved 1 time. You put on armor 6 times. You never genocided any monsters. You never polymorphed an object. You never changed form. You used no wishes. You never wrote Elbereth's name. You never encountered a bones level. You never used any Sokoban shortcuts. Dungeon overview: The Dungeons of Doom: levels 1 to 5 Level 1 a fountain a long staircase Level 2 a scroll shop, a fountain Level 4 stairs to The Gnomish Mines Level 5 <- You were here an altar The Gnomish Mines: Level 5 stairs to The Dungeons of Doom History has recorded: On T:1 you entered the Dungeons of Doom to retrieve the Amulet of Yendor! On T:306 you advanced to experience level 2. On T:389 you reached level 2 of The Dungeons of Doom. On T:674 you advanced to experience level 3. On T:1225 you advanced to experience level 4. On T:1283 you advanced to experience level 5. On T:1354 you reached level 3 of The Dungeons of Doom. On T:1915 you reached level 4 of The Dungeons of Doom. On T:2350 you reached level 1 of The Gnomish Mines. On T:2378 you reached level 5 of The Dungeons of Doom. On T:2386 you advanced to experience level 6. Latest messages: [4 turns] You hit the hill orc. You miss the hill orc. The hill orc thrusts his crude dagger. The hill orc hits! The hill orc thrusts his crude dagger. The hill orc hits! The hill orc thrusts his crude dagger. The hill orc hits! [HP-25=4] [4 turns] The spell hits the hill orc! You kill the hill orc! The spell misses it. The crude dagger misses the hill orc. You are hit by a crude dagger. Wizard, your life force is running out. The hill orc swings her curved sword. The hill orc hits! You die... Final status: Goodbye FIQ the Wizard... You died in The Dungeons of Doom on dungeon level 5 with 2154 points, and 686 pieces of gold, after 2502 moves. You were level 6 with a maximum of 41 hit points when you died.